 Dungeon Crawl Stone Soup version 0.27-a0-1500-g450c7e4133 (webtiles) character file.

Game seed: 12110002953919499415

113 pyrow613 the Conjurer (level 4, 24/24 HPs)
             Began as a Deep Elf Conjurer on July 7, 2021.
             Got out of the dungeon alive.
             The game lasted 00:07:06 (2675 turns).

pyrow613 the Conjurer (Deep Elf Conjurer)           Turns: 2675, Time: 00:07:07

Health: 24/24      AC:  3    Str:  5    XL:     4   Next: 65%
Magic:  11/11      EV: 13    Int: 23    God:
Gold:   78         SH:  0    Dex: 19    Spells: 6/10 levels left

rFire    . . .     SeeInvis +   f - +0 dagger
rCold    . . .     Faith    .   (no shield)
rNeg     . . .     Spirit   .   a - +0 robe
rPois    .         Reflect  .   g - +0 helmet
rElec    .         Harm     .   (no cloak)
rCorr    .         Rampage  .   (no gloves)
Will     .....                  (no boots)
Stlth    +++.......             c - amulet of the acrobat
HPRegen  0.08/turn              b - +6 ring of dexterity
MPRegen  0.12/turn              e - ring of see invisible

@: no status effects
A: no striking features
a: no special abilities


You escaped.
You visited 1 branch of the dungeon, and saw 2 of its levels.

You collected 78 gold pieces.

Inventory:

Hand Weapons
 d - a +0 hunting sling
 f - a +0 dagger (weapon)
Armour
 a - a +0 robe (worn)
 g - a +0 helmet (worn)
Jewellery
 b - a +6 ring of dexterity (left hand)
 c - an amulet of the acrobat (around neck)
 e - a ring of see invisible (right hand)
Wands
 l - a wand of polymorph (11)
Scrolls
 j - a scroll of noise {unknown}
 k - a scroll of silence {unknown}
 m - a scroll of holy word {unknown}
Potions
 h - a potion of resistance {unknown}
 i - a potion of lignification {unknown}


   Skills:
 + Level 3.2 Dodging
 + Level 3.4 Stealth
 + Level 3.9 Spellcasting
 * Level 5.6 Conjurations


You had 6 spell levels left.
You knew the following spells:

 Your Spells              Type           Power      Damage    Failure   Level
a - Magic Dart            Conj           100%       1d8       1%          1
b - Searing Ray           Conj           60%        3d5       1%          2
c - Shock                 Conj/Air       68%        1d7       3%          1

Your spell library contained the following spells:

 Spells                   Type           Power      Damage    Failure   Level
 Dazzling Flash           Conj/Hex       34%        N/A       10%         3
 Swiftness                Air            4%         N/A       32%         3
 Fulminant Prism          Conj/Hex       8%         3d7       32%         4
 Iskenderun's Mystic Bla  Conj/Tloc      17%        2d5       32%         4
 Airstrike                Air            2%         N/A       71%         4


Dungeon Overview and Level Annotations

Branches:
Dungeon (2/15)

Altars:
Fedhas

Shops:
D:2 [


Message History

You kill the kobold!
An endoplasm comes into view.
Aiming: Magic Dart (safe; 1% risk of failure)
Press: ? - help, Q - select action, (/) - cycle Shift-Dir - straight line, f - endoplasm
Aim: an endoplasm (wandering, hasn't noticed you, 100% to hit)
The magic dart hits the endoplasm.
The endoplasm is moderately wounded.
The endoplasm quivers.
Aiming: Magic Dart (safe; 1% risk of failure)
Press: ? - help, Q - select action, (/) - cycle Shift-Dir - straight line, f/p - endoplasm
Aim: an endoplasm (moderately wounded, 100% to hit)
The magic dart hits the endoplasm.
The endoplasm is almost dead.
Unknown command.
Aiming: Magic Dart (safe; 1% risk of failure)
Press: ? - help, Q - select action, (/) - cycle Shift-Dir - straight line, f/p - endoplasm
Aim: an endoplasm (almost dead, 100% to hit)
The magic dart hits the endoplasm!
You kill the endoplasm!
Unknown command.
Found a leather armour.
Things that are here:
a +0 dagger; a kobold corpse Done exploring.
Done exploring.
(D) Dungeon
Where to? (Enter - D:1 @ (x,y), ? - help)
What level of the Dungeon? (default 1, ? - help)
There is a stone staircase leading up here.
You climb upwards.
There is a stone staircase leading down here.
There is an open door here.
You see here a +0 dagger.
There is an open door here.
There is an open door here.
There is a staircase leading out of the dungeon here.
Are you sure you want to leave the Dungeon?
This will make you lose the game! [Y]es or [N]o only, please.
Are you sure you want to leave the Dungeon?
This will make you lose the game!
You have escaped!

#...#.#.#..#....##........#
#..##.#.##.#...........#..#
#..##......#........##....#
#.....#.######.####.###.#.#
#.###.#.# ###.# #.# #...#
#.......# #...# #.# ##..#
#####.######.#'####.####..#
#.....................#
##.##..##>#@#..##.###.##
##......###.##.....###.##
##...##.##
#####.##.##...#####
#....>### ###>...........
##...##.#####
##.##.##..)#####
#).......##.###.....###.##
#.##.##..#.#>##..##.# #.##
#.##................# #..#
#.########..#'####### ##.#


There were no monsters in sight!

Vanquished Creatures
  Robin (D:2)
  A gnoll (D:1)
  2 adders (D:2)
  A dart slug (D:2)
  2 bats (D:1)
  7 endoplasms
  A giant cockroach (D:2)
  15 goblins
  7 hobgoblins
  6 jackals (D:1)
  3 quokkas (D:1)
  8 ball pythons
  2 frilled lizards
  4 kobolds
  3 rats
63 creatures vanquished.

Vanquished Creatures (others)
  3 plants (D:2)
  4 withered plants (D:2)
7 creatures vanquished.

Grand Total: 70 creatures vanquished

Notes
Turn   | Place    | Note
-------+----------+-------------------------------------------
     0 | D:1      | pyrow613 the Deep Elf Conjurer began the quest for the Orb.
     0 | D:1      | Reached XP level 1. HP: 10/10 MP: 6/6
   215 | D:1      | Reached XP level 2. HP: 15/15 MP: 6/8
   412 | D:1      | Learned a level 2 spell: Searing Ray
   523 | D:1      | Reached skill level 5 in Conjurations
   743 | D:1      | Reached XP level 3. HP: 19/19 MP: 3/9
  1452 | D:2      | Noticed Robin
  1456 | D:2      | Found Cuisycki's Armour Shoppe.
  1487 | D:2      | Killed Robin
  1488 | D:2      | Reached XP level 4. HP: 11/24 MP: 0/11
  1670 | D:2      | Found a faded altar of an unknown god.
  1845 | D:2      | Learned a level 1 spell: Shock
  2200 | D:2      | Found a blossoming altar of Fedhas.
  2675 | D:$      | Got out of the dungeon alive.

Illustrated notes

Levels and vault maps discovered:
D:1:      onia_arrival_handbag, layout_loops_corners, serial_bayou_lagoon_a
D:2:      layout_loops_cross, basic_altar, serial_forest,
          infiniplex_forest_end_3, infiniplex_forest_end_2,
          infiniplex_forest_clump_tiny, infiniplex_forest_clump_cross,
          infiniplex_forest_end_1, infiniplex_forest_clump_diagonal,
          infiniplex_forest_clump_cross, infiniplex_forest_straight_3,
          serial_shops, nicolae_shop_temple_entry_statues_fountains,
          ebering_ecumenical_altar_petrified, uniq_robin

Skill      XL: |  1  2  3 |
---------------+----------+-----
Conjurations   | 5 |  5.6
Stealth        | 3 |  3.4
Dodging        | 3 |  3.2
Spellcasting   | |  3.9

Action                   |  1- 3 |  4- 6 || total
-------------------------+-------+-------++-------
Melee: Unarmed           |     1 |       ||     1
       Dagger            |       |     1 ||     1
 Cast: Magic Dart        |    64 |    33 ||    97
       Searing Ray       |     3 |       ||     3
Armor: Robe              |     5 |       ||     5
Dodge: Dodged            |    33 |     4 ||    37

Table legend: (Time is in decaauts)
 A = Elapsed time spent in this place.
 B = Non-inter-level travel time spent in this place.
 C = Inter-level travel time spent in this place.
 D = Time resting spent in this place.
 E = Time spent auto-exploring this place.
 F = Levels seen in this place.
 G = Mean time per level.
                   A        B        C        D        E       F      G
               +--------+--------+--------+--------+--------+-----+--------+
         Total |   2678 |   2553 |    125 |      0 |   2308 |   2 | 1339.0 |
       Dungeon |   2678 |   2553 |    125 |      0 |   2308 |   2 | 1339.0 |
               +--------+--------+--------+--------+--------+-----+--------+

Top non-repeatable levels by time:
     D:1: 1518 daAuts
     D:2: 1160 daAuts
